Map: [ESL] Gresvan

Players

SKillous

  • Race: Protoss Protoss
  • Spawn Location: 5:00

Lambo - Winner!

  • Race: Zerg Zerg
  • Spawn Location: 11:00

Event: ESL SC2 Masters 2023 Summer (Regionals)

VOD

Have the link to the VOD?

Description

Time

  • Played on: May 6, 2023, 12:17 p.m.
  • Length: 16:30

All games in this series

Show
View Real Time Build Order
Export as new Build Order

SKillous Protoss 

Build Orders: 1 Gate Expand, Oracle Opening 

Get SALT Encoding   

  12  0:00  Probe  
  13  0:14  Pylon  
  13  0:17  Probe (Chrono Boost)  
  14  0:27  Probe (Chrono Boost)  
  15  0:32  Probe (Chrono Boost)  
  16  0:41  Gateway  
  16  0:43  Probe  
  16  0:47  Assimilator  
  17  0:56  Probe  
  18  1:08  Probe  
  19  1:20  Probe  
  20  1:26  Nexus  
  20  1:35  Cybernetics Core  
  20  1:38  Probe  
  21  1:44  Assimilator  
  21  1:50  Probe  
  21  1:53  Pylon  
  22  2:03  Probe (Chrono Boost)  
  23  2:09  Adept (Chrono Boost)  
  23  2:13  Warp Gate  
  23  2:15  Probe (Chrono Boost)  
  27  2:23  Probe (Chrono Boost)  
  27  2:29  Stargate  
  27  2:31  Adept  
  30  2:37  Probe (Chrono Boost)  
  30  2:38  Probe (Chrono Boost)  
  31  2:47  Probe (Chrono Boost)  
  31  2:49  Probe (Chrono Boost)  
  33  2:52  Probe (Chrono Boost)  
  33  2:58  Probe  
  35  3:02  Gateway  
  35  3:05  Stalker  
  37  3:06  Probe  
  37  3:10  Oracle (Chrono Boost)  
  37  3:11  Probe  
  39  3:18  Probe  
  43  3:22  Pylon  
  43  3:23  Probe  
  44  3:30  Probe  
  45  3:35  Probe  
  45  3:37  Oracle (Chrono Boost)  
  49  3:42  Probe  
  49  3:48  Probe  
  51  3:54  Pylon  
  51  3:57  Probe  
  51  4:00  Probe  
  52  4:05  Twilight Council  
  52  4:06  Nexus  
  52  4:09  Probe  
  53  4:13  Probe  
  54  4:18  Gateway  
  54  4:19  Gateway  
  54  4:21  Probe  
  55  4:25  Probe (Chrono Boost)  
  56  4:35  Assimilator  
  56  4:36  Pylon  
  56  4:37  Probe (Chrono Boost), Assimilator  
  58  4:39  Probe (Chrono Boost), Blink (Chrono Boost)  
  58  4:41  Stalker x2  
  62  4:49  Shield Battery  
  62  4:53  Probe  
  62  4:54  Probe  
  62  4:55  Pylon  
  64  5:04  Forge  
  64  5:06  Stalker x2  
  68  5:07  Probe x2  
  70  5:17  Stalker  
  70  5:19  Probe x2  
  70  5:20  Stalker  
  76  5:21  Probe  
  77  5:31  Probe x2  
  77  5:33  Probe  
  77  5:35  Protoss Ground Weapons Level 1 (Chrono Boost)  
  80  5:43  Probe  
  80  5:44  Probe, Stalker  
  80  5:45  Stalker x2  
  80  5:46  Stalker  
  80  5:49  Probe  
  91  5:56  Probe x2  
  93  5:57  Pylon  
  93  6:02  Probe, Assimilator  
  93  6:03  Pylon  
  90  6:06  Assimilator  
  90  6:08  Probe x2 (Chrono Boost)  
  90  6:09  Templar Archives  
  92  6:13  Pylon  
  92  6:17  Probe (Chrono Boost)  
  93  6:20  Probe (Chrono Boost)  
  95  6:26  Probe (Chrono Boost)  
  95  6:29  Probe x2 (Chrono Boost)  
  95  6:31  Stalker x4  
  105  6:37  Psionic Storm  
  105  6:42  Pylon  
  105  6:45  Nexus  
  105  6:49  Charge  
  105  6:55  Pylon  
  105  7:00  Gateway  
  105  7:01  Gateway  
  105  7:03  Gateway  
  105  7:06  Probe  
  105  7:07  Probe x2, Gateway  
  108  7:11  High Templar x2, Forge  
  112  7:16  High Templar  
  112  7:20  Photon Cannon x2  
  114  7:22  High Templar  
  114  7:26  Protoss Ground Armor Level 1 (Chrono Boost)  
  114  7:27  Shield Battery  
  116  7:30  Shield Battery  
  116  7:33  Assimilator  
  116  7:34  Probe x2  
  116  7:35  Probe  
  119  7:39  Assimilator  
  119  7:46  High Templar x2  
  123  7:53  Gateway  
  123  7:54  Gateway  
  123  7:56  Gateway  
  123  7:58  Stalker x2, Photon Cannon  
  123  7:59  Stalker x3  
  133  8:07  Shield Battery  
  133  8:09  Shield Battery  
  133  8:12  Pylon  
  133  8:15  Stalker  
  133  8:19  Protoss Ground Weapons Level 2 (Chrono Boost)  
  135  8:25  Archon  
  135  8:26  Stalker x5  
  133  8:27  Stalker  
  133  8:31  Stalker  
  133  8:33  Archon x2  
  114  8:42  Zealot  
  103  8:51  Stalker x3  
  103  8:52  Stalker x3  
  109  9:01  High Templar x2  
  111  9:03  Probe  
  111  9:09  Shield Battery  
  112  9:10  Stalker  
  112  9:13  Shield Battery  
  112  9:15  Pylon  
  114  9:19  Zealot x5  
  102  9:32  Zealot  
  102  9:33  Zealot x2  
  103  9:43  High Templar x4  
  111  9:59  Zealot x4  
  119  10:07  Nexus  
  119  10:10  Pylon  
  113  10:14  Protoss Ground Armor Level 2 (Chrono Boost)  
  113  10:19  High Templar  
  113  10:20  High Templar  
  113  10:21  Zealot x6  
  127  10:26  Archon  
  127  10:34  Probe  
  127  10:35  Protoss Ground Weapons Level 3 (Chrono Boost)  
  120  10:41  High Templar x2  
  120  10:42  Zealot x4  
  120  10:54  Zealot x3  
  120  10:56  Probe x2  
  128  10:59  Pylon  
  129  11:06  Stalker x3  
  129  11:09  Zealot  
  129  11:10  Probe x3 (Chrono Boost)  
  123  11:15  Stalker  
  111  11:22  Probe (Chrono Boost)  
  111  11:23  Probe (Chrono Boost)  
  111  11:24  Probe (Chrono Boost)  
  106  11:28  Probe (Chrono Boost)  
  106  11:29  Assimilator  
  106  11:32  Probe (Chrono Boost), Shield Battery  
  103  11:33  Probe x2 (Chrono Boost)  
  103  11:34  High Templar x4  
  103  11:38  Archon x2  
  103  11:39  Archon  
  111  11:41  Probe (Chrono Boost)  
  111  11:43  Sentry  
  111  11:44  Probe  
  111  11:45  Probe x2  
  117  11:52  Photon Cannon  
  117  12:00  Stalker x2  
  119  12:03  Probe (Chrono Boost)  
  110  12:09  Probe x2 (Chrono Boost)  
  110  12:14  High Templar x2  
  110  12:15  Probe x2 (Chrono Boost)  
  118  12:18  Probe (Chrono Boost)  
  118  12:19  Probe (Chrono Boost)  
  118  12:21  Archon  
  120  12:24  Probe  
  120  12:27  High Templar x2  
  125  12:35  Protoss Ground Armor Level 3 (Chrono Boost)  
  125  12:37  Archon  
  125  12:39  Probe  
  125  12:40  Probe  
  125  12:42  Probe  
  128  12:48  Pylon  
  128  12:49  High Templar x2  
  132  12:51  Probe x2  
  132  12:53  Probe  
  132  12:54  Archon  
  135  12:59  Robotics Facility  
  135  13:07  Probe, Robotics Facility  
  124  13:15  Stalker  
  124  13:16  Stalker  
  123  13:20  Probe  
  125  13:30  High Templar x4  
  125  13:33  Zealot x2  
  136  13:34  Archon x2  
  136  13:40  Probe  
  136  13:41  Probe x3  
  141  13:57  Stalker x4  
  143  14:07  Probe  
  144  14:15  Pylon  
  138  14:32  High Templar  
  138  14:34  High Templar x3  
  138  14:35  Zealot  
  138  14:37  Pylon  
  145  14:39  Pylon, Archon x2  
  145  14:41  Protoss Shields Level 1 (Chrono Boost), Pylon  
  145  14:43  Pylon  
  145  14:59  Pylon  
  141  15:00  Observer  
  141  15:05  Zealot x4  
  148  15:25  Immortal (Chrono Boost)  
  148  15:26  Zealot x5  
  120  15:44  Zealot  
  104  15:50  Zealot x2  
  104  15:55  Zealot x3  
  111  16:01  Warp Prism (Chrono Boost)  
  101  16:05  Zealot  
  101  16:21  Pylon  
  101  16:22  Pylon  
Show
View Real Time Build Order
Export as new Build Order

Lambo Zerg - Winner!

Build Orders: Hatch First, Lurkers 

Get SALT Encoding   

  12  0:00  Drone  
  13  0:12  Overlord  
  13  0:17  Drone  
  14  0:31  Drone x2  
  16  0:48  Hatchery  
  15  0:51  Drone  
  15  0:55  Drone  
  17  0:58  Drone  
  18  1:09  Extractor  
  17  1:13  Spawning Pool  
  17  1:16  Drone  
  17  1:19  Drone  
  18  1:29  Drone  
  19  1:39  Drone  
  20  1:51  Overlord  
  20  2:00  Queen x2  
  24  2:01  Drone  
  24  2:02  Zergling x2  
  26  2:10  Zergling x2, Metabolic Boost  
  26  2:12  Drone  
  28  2:21  Drone  
  28  2:22  Drone  
  30  2:34  Hatchery  
  29  2:40  Drone  
  29  2:43  Drone  
  29  2:44  Overlord  
  31  2:45  Drone  
  32  2:53  Queen  
  32  2:58  Drone  
  35  3:01  Drone  
  35  3:05  Queen  
  38  3:07  Drone  
  38  3:09  Overlord  
  39  3:13  Drone x2  
  39  3:16  Zergling x2  
  39  3:17  Zergling x2  
  39  3:19  Drone  
  44  3:26  Evolution Chamber  
  43  3:27  Spore Crawler  
  43  3:31  Queen  
  43  3:33  Drone x3  
  49  3:35  Drone  
  50  3:43  Drone x2  
  50  3:47  Roach Warren  
  51  3:49  Queen  
  51  3:54  Drone  
  54  3:58  Drone  
  54  3:59  Drone x2  
  56  4:03  Drone, Spore Crawler  
  56  4:05  Overlord  
  56  4:08  Overlord  
  56  4:14  Overlord  
  56  4:20  Drone x3  
  57  4:27  Drone x2  
  57  4:29  Drone x3  
  61  4:33  Drone x5, Spore Crawler  
  61  4:36  Evolution Chamber  
  64  4:40  Overlord  
  64  4:42  Drone  
  65  4:49  Drone x5  
  70  4:53  Drone  
  70  4:57  Hatchery  
  70  5:01  Drone x3  
  70  5:03  Zerg Melee Weapons Level 1  
  73  5:07  Drone  
  73  5:08  Extractor, Queen  
  73  5:12  Spore Crawler  
  73  5:13  Zergling x6  
  77  5:15  Drone x3  
  77  5:17  Drone  
  77  5:20  Lair  
  81  5:23  Drone x3  
  81  5:27  Extractor x2, Drone  
  83  5:30  Queen  
  85  5:36  Overlord  
  85  5:37  Drone x4, Baneling Nest  
  85  5:38  Drone  
  89  5:43  Extractor  
  89  5:48  Zergling x2  
  89  5:49  Overlord  
  89  5:52  Overlord  
  89  5:54  Overlord  
  88  6:02  Drone x2  
  89  6:04  Zergling x2  
  89  6:06  Overlord  
  89  6:09  Zergling x14  
  97  6:12  Zergling x6  
  100  6:19  Zergling x10  
  100  6:22  Zergling x2  
  106  6:29  Zergling x2  
  106  6:30  Zergling x4  
  106  6:32  Zergling x2  
  108  6:35  Zergling x8  
  108  6:38  Zergling x4  
  110  6:40  Glial Reconstitution  
  110  6:42  Zergling x14  
  115  6:50  Roach  
  115  6:51  Roach x2  
  121  6:56  Roach x3  
  121  6:58  Centrifugal Hooks  
  121  7:00  Roach  
  127  7:06  Roach x2  
  127  7:08  Overlord  
  128  7:09  Overlord  
  128  7:10  Overlord  
  128  7:13  Overlord  
  127  7:20  Overlord x3  
  127  7:21  Overlord  
  127  7:23  Overlord  
  127  7:26  Roach  
  127  7:28  Roach x4  
  127  7:29  Roach x4  
  144  7:30  Spore Crawler  
  144  7:32  Zergling x2  
  144  7:33  Zergling x8  
  144  7:35  Zerg Melee Weapons Level 2  
  148  7:38  Zergling x8  
  151  7:44  Zergling x10  
  151  7:49  Zergling x10  
  161  7:54  Zergling x2  
  161  7:58  Roach x2  
  166  8:02  Baneling x23  
  166  8:03  Zergling x8  
  166  8:05  Baneling  
  170  8:07  Zergling x8  
  170  8:09  Baneling x2  
  170  8:10  Zergling x2  
  170  8:11  Zergling x2  
  176  8:13  Zergling x6  
  176  8:14  Baneling  
  176  8:17  Zergling x2  
  176  8:18  Zergling x4  
  181  8:20  Zergling x2  
  181  8:21  Zergling x4  
  170  8:27  Zergling x4  
  170  8:31  Zergling x2  
  170  8:32  Zergling x6  
  170  8:33  Roach  
  170  8:34  Roach  
  161  8:36  Zergling x6  
  161  8:37  Zergling x4  
  161  8:40  Roach x2  
  160  8:45  Zergling x10  
  160  8:47  Zergling x2  
  157  8:50  Zergling x2  
  150  8:55  Roach  
  150  8:57  Roach x4  
  150  8:59  Ravager  
  150  9:00  Ravager  
  150  9:01  Baneling x4  
  156  9:02  Ravager  
  156  9:04  Ravager  
  156  9:05  Zergling x4  
  156  9:08  Baneling x5  
  158  9:10  Zergling x2  
  158  9:13  Zergling x4  
  158  9:14  Zergling x2, Ravager  
  159  9:17  Zergling x6  
  159  9:22  Zergling x8  
  159  9:24  Zergling x6  
  158  9:31  Drone x6  
  158  9:34  Drone x3  
  158  9:42  Zergling x14  
  162  10:01  Zerg Missile Weapons Level 1, Drone x4, Infestation Pit  
  162  10:03  Extractor  
  162  10:04  Zergling x24  
  176  10:07  Drone  
  176  10:10  Extractor, Hydralisk Den  
  176  10:13  Hatchery  
  171  10:15  Drone  
  171  10:19  Spine Crawler, Baneling x7  
  170  10:23  Zergling x8  
  170  10:26  Baneling x6  
  173  10:28  Zergling x4  
  170  10:38  Zergling x14  
  170  10:39  Zergling x6  
  170  10:40  Zergling x6  
  174  10:51  Zergling x2  
  174  10:52  Hive  
  174  10:55  Extractor, Lurker Den  
  166  10:57  Zergling x2  
  166  10:58  Zergling x4  
  166  11:02  Zergling x16  
  169  11:12  Drone x2  
  169  11:13  Drone x4  
  168  11:25  Muscular Augments  
  165  11:29  Hydralisk x5, Drone x3, Spine Crawler  
  165  11:31  Baneling x3  
  176  11:35  Drone  
  176  11:36  Baneling x3  
  176  11:37  Evolution Chamber, Baneling  
  176  11:38  Baneling  
  176  11:39  Spine Crawler  
  175  11:45  Baneling x4  
  175  11:46  Hydralisk x4  
  183  11:47  Drone  
  183  11:51  Spore Crawler  
  176  12:07  Hydralisk x3  
  176  12:08  Seismic Spines  
  173  12:09  Adrenal Glands, Zerg Missile Weapons Level 2  
  173  12:14  Lurker  
  173  12:15  Lurker x5  
  177  12:17  Drone x6  
  177  12:18  Extractor  
  177  12:19  Drone  
  177  12:20  Extractor, Drone  
  182  12:24  Lurker x2  
  182  12:28  Hydralisk x2  
  188  12:30  Drone x3  
  188  12:33  Overseer  
  188  12:36  Grooved Spines  
  191  12:39  Drone, Spine Crawler  
  191  12:41  Lurker x2  
  193  12:52  Spire  
  190  13:08  Lurker x2  
  190  13:18  Spine Crawler  
  179  13:21  Hydralisk x3  
  179  13:26  Lurker x2  
  186  13:32  Hydralisk x3  
  192  13:34  Baneling  
  192  13:35  Baneling x6  
  192  13:39  Spine Crawler  
  192  13:40  Spine Crawler, Adaptive Talons  
  190  13:42  Zerg Melee Weapons Level 3  
  190  13:45  Zergling x14  
  197  13:49  Hatchery  
  189  14:00  Zergling x36  
  189  14:01  Lurker x4  
  174  14:17  Hydralisk  
  174  14:18  Hydralisk x9  
  192  14:24  Hatchery  
  192  14:29  Zerg Flyer Weapons Level 1  
  176  14:35  Hydralisk x5  
  182  14:38  Overseer  
  182  14:41  Overlord x2  
  182  14:51  Overlord  
  182  14:55  Overseer  
  182  14:57  Overlord  
  182  14:59  Pneumatized Carapace, Overseer  
  176  15:20  Hydralisk x10  
  196  15:25  Overseer  
  188  15:34  Hydralisk x8  
  188  15:35  Roach, Zergling x2  
  181  15:44  Roach x6  
  171  15:50  Roach x3  
  171  15:51  Overseer  
  171  15:56  Roach x7  
  173  15:57  Roach x4  
  173  16:01  Roach x2  
  158  16:14  Ravager x7  
  169  16:20  Lurker x3  
  169  16:22  Lurker x2  
Tags
 
Add a new tag
Caveats
  • Supply blocks, unpowered buildings, or Contaminate may cause inaccurate times.
  • Supply counts are checked every 10 seconds.